 Dungeon Crawl Stone Soup version 0.26-a0-774-g1415c89e12 (webtiles) character file.

Game seed: 8526068135696953426

193 Kinoniko the Slasher (level 5, -4/45 HPs)
             Began as a Draconian Gladiator on Nov 9, 2020.
             Slain by a sky beast (5 damage)
             ... on level 4 of the Dungeon.
             The game lasted 00:02:18 (2807 turns).

Kinoniko the Slasher (Draconian Gladiator)          Turns: 2807, Time: 00:02:19

Health: -4/45      AC:  5    Str: 17    XL:     5   Next: 43%
Magic:  5/5        EV: 13    Int:  8    God:
Gold:   196        SH:  0    Dex: 13    Spells: 4/4 levels left

rFire    . . .     SeeInvis .   a - +0 long sword
rCold    . . .     Faith    .   (no shield)
rNeg     . . .     Spirit   .   (armour unavailable)
rPois    .         Reflect  .   b - +0 hat
rElec    .         Harm     .   (no cloak)
rCorr    .         Rampage  .   (no gloves)
MR       .....                  (no boots)
Stlth    +.........             (no amulet)
HPRegen  0.15/turn              (no ring)
MPRegen  0.09/turn              (no ring)

@: no status effects
A: unfitting armour, cold-blooded, AC +5
a: no special abilities


You were on level 4 of the Dungeon.
You visited 1 branch of the dungeon, and saw 4 of its levels.

You collected 196 gold pieces.

Inventory:

Hand Weapons
 a - a +0 long sword (weapon)
Missiles
 c - 3 throwing nets (quivered)
Armour
 b - a +0 hat (worn)
Jewellery
 o - an uncursed amulet of the acrobat {unknown}
Scrolls
 f - 4 scrolls of enchant armour {unknown}
 g - a scroll of remove curse {unknown}
 j - 2 scrolls of teleportation {unknown}
 n - 2 scrolls of identify {unknown}
Potions
 d - 3 potions of curing {unknown}
 e - 2 potions of lignification {unknown}
 h - a potion of brilliance {unknown}
 i - a potion of mutation {unknown}
 k - a potion of berserk rage {unknown}
 l - a potion of heal wounds {unknown}
 m - a potion of magic {unknown}


   Skills:
 + Level 3.5 Fighting
 * Level 4.9 Long Blades
 - Level 1.7 Throwing
 + Level 3.6 Dodging


You had 4 spell levels left.
You didn't know any spells.
Your spell library was empty.

Dungeon Overview and Level Annotations

Branches:
Dungeon (4/15)
 Temple: D:4-7

Altars:
Ashenzari
Uskayaw


Innate Abilities, Weirdness & Mutations

Your plain brown scales are hard. (AC +5)
You cannot fit into any form of body armour.
You are cold-blooded and may be slowed by cold attacks.


Message History

No target in view!
You hit something. Something hits you. Something shocks you.
You miss something.
Your tail-slap misses something.
Something hits you. Something shocks you.
You barely miss something. Something hits you. Something shocks you.
You miss something. Something hits you but does no damage.
You barely miss something. Something hits you. Something shocks you.
* * * LOW HITPOINT WARNING * * *
You slash something! Something hits you but does no damage.
Unknown command.
You barely miss something.
Your tail-slap misses something.
Something hits you but does no damage. Something hits you.
* * * LOW HITPOINT WARNING * * *
Something shocks you.
* * * LOW HITPOINT WARNING * * *
You barely miss something. Something hits you but does no damage.
You barely miss something.
Your tail-slap misses something.
Something hits you.
* * * LOW HITPOINT WARNING * * *
Something shocks you.
You die...

#.# #.# #..
#.# #.# #.#
#{####
#@...#
#.##.#
#.##.##
#.#...####..
#...........
###...#....
##.##.# #
#.##.#
#.##.#


There were no monsters in sight!

Vanquished Creatures
  Natasha (thrice) (D:3)
  Robin (D:2)
  2 adders
  An ooze (D:1)
  4 worms
  3 dart slugs
  A leopard gecko (D:2)
  4 orcs (D:3)
  7 bats
  4 giant cockroaches
  7 goblins (D:2)
  10 hobgoblins
  2 quokkas (D:2)
  2 ball pythons
  7 frilled lizards
  6 kobolds
  5 rats
69 creatures vanquished.

Notes
Turn   | Place    | Note
-------+----------+-------------------------------------------
     0 | D:1      | Kinoniko the Draconian Gladiator began the quest for the
                  | Orb.
     0 | D:1      | Reached XP level 1. HP: 17/17 MP: 1/1
    95 | D:1      | Reached XP level 2. HP: 19/25 MP: 2/2
   737 | D:2      | Reached XP level 3. HP: 30/30 MP: 3/3
  1083 | D:2      | Reached skill level 4 in Long Blades
  1129 | D:2      | Noticed Robin
  1137 | D:2      | Killed Robin
  1137 | D:2      | Reached XP level 4. HP: 28/38 MP: 4/4
  1718 | D:3      | Found a hide-covered altar of Uskayaw.
  1718 | D:3      | Noticed a +0 dagger
  1718 | D:3      | Noticed a +0 hand axe
  2062 | D:3      | Found a broken altar of Ashenzari.
  2062 | D:3      | Noticed Natasha
  2068 | D:3      | Killed Natasha
  2068 | D:3      | Reached XP level 5. HP: 30/45 MP: 5/5
  2380 | D:3      | Noticed Natasha
  2386 | D:3      | Killed Natasha
  2630 | D:3      | Noticed Natasha
  2643 | D:3      | Killed Natasha
  2795 | D:4      | Noticed a sky beast
  2805 | D:4      | HP: 2/45 [something (6)]
  2807 | D:4      | Slain by a sky beast

Illustrated notes

Levels and vault maps discovered:
D:1:      giann_wishing_wells, layout_loops_ring, minmay_misc_feat_pillars
D:2:      layout_basic, solitary_fountain, uniq_robin
D:3:      layout_basic, dancing_weapons_uskayaw, evilmike_ruin_ashenzari,
          uniq_natasha
D:4:      layout_loops_ring, serial_shops, nicolae_shop_waterfront,
          amethyst_killhole, minmay_a_box_with_orc_wizards_in_it

Skill      XL: |  1  2  3 |
---------------+----------+-----
Dodging        | 3 |  3.6
Long Blades    | 4 |  4.9
Fighting       | 3 |  3.5
Throwing       | |  1.7

Action                   |  1- 3 |  4- 6 || total
-------------------------+-------+-------++-------
Melee: Long sword        |    75 |    95 ||   170
       Tailslap          |    12 |    13 ||    25
 Stab: Sleeping          |     2 |       ||     2
Armor: Skin              |    19 |    24 ||    43
Dodge: Dodged            |    59 |    73 ||   132
       Rpst.: Long sword |    23 |    25 ||    48

Table legend: (Time is in decaauts)
 A = Elapsed time spent in this place.
 B = Non-inter-level travel time spent in this place.
 C = Inter-level travel time spent in this place.
 D = Time resting spent in this place.
 E = Time spent auto-exploring this place.
 F = Levels seen in this place.
 G = Mean time per level.
                   A        B        C        D        E       F      G
               +--------+--------+--------+--------+--------+-----+--------+
         Total |   2839 |   2667 |    172 |    287 |   2001 |   4 |  709.8 |
       Dungeon |   2839 |   2667 |    172 |    287 |   2001 |   4 |  709.8 |
               +--------+--------+--------+--------+--------+-----+--------+

Top non-repeatable levels by time:
     D:3: 1073 daAuts
     D:2: 1005 daAuts
     D:1: 730 daAuts
     D:4: 30 daAuts
